 Dungeon Crawl Stone Soup version 0.18-b1-16-g289874d (webtiles) character file.

3951 JimmyB the Basher (level 10, -2/77 HPs)
             Began as a Human Berserker on May 1, 2016.
             Was a Priest of Trog.
             Slain by pacci's ghost (16 damage)
             ... on level 1 of the Lair of Beasts.
             The game lasted 03:38:26 (8046 turns).

JimmyB the Basher (Human Berserker)                 Turns: 8046, Time: 03:38:27

Health: -2/77      AC: 19    Str: 20 (22) XL:     10   Next: 45%
Magic:  10/10      EV: 14    Int:  4 (7)  God:    Trog [***...]
Gold:   383        SH:  0    Dex:  9 (12) Spells: 0 memorised, 9 levels left

rFire  + . .     SeeInvis .     a - +2 flail (protect)
rCold  x . .     Gourm    .     E - +0 plate armour {rN+}
rNeg   + . .     Faith    .     (no shield)
rPois  .         Spirit   .     (no helmet)
rElec  .         Dismiss  .     (no cloak)
rCorr  .         Reflect  .     D - +0 pair of gloves
SustAt .         Harm     .     (no boots)
MR     ++...                    (no amulet)
Stlth  ..........               M - +6 ring of evasion
                                q - ring of fire

@: regenerating, very resistant to hostile enchantments, extremely unstealthy
A: no striking features
a: Berserk, Trog's Hand, Burn Spellbooks, Renounce Religion


You were on level 1 of the Lair of Beasts.
You worshipped Trog.
Trog was most pleased with you.
You were not hungry.

You visited 3 branches of the dungeon, and saw 9 of its levels.
You also visited: Ossuary.

You collected 383 gold pieces.

Inventory:

Hand Weapons
 a - a +2 flail of protection (weapon)
 b - a +0 hunting sling
 k - a +0 shortbow
Missiles
 e - 176 stones (quivered)
 o - 6 tomahawks
 v - 63 arrows
 z - a throwing net
Armour
 D - a +0 pair of gloves (worn)
 E - a +0 plate armour of positive energy (worn)
Jewellery
 j - an uncursed ring of fire
 q - a ring of fire (left hand)
 B - an uncursed ring of ice
 M - a +6 ring of evasion (right hand)
Wands
 m - a wand of random effects (12/48)
 A - a wand of polymorph (10/24)
 J - a wand of acid (10/15)
Scrolls
 h - 6 scrolls of remove curse
 l - 5 scrolls of teleportation
 t - a scroll of immolation {unknown}
 w - 3 scrolls of noise {unknown}
 x - a scroll of fear {unknown}
 y - 5 scrolls of recharging {unknown}
 I - a scroll of magic mapping {unknown}
Potions
 f - 3 potions of agility
 g - 2 potions of cure mutation
 r - a potion of degeneration
 s - 4 potions of flight
 C - a potion of berserk rage
 F - a potion of cancellation {unknown}
 G - 2 potions of curing
 K - a potion of brilliance {unknown}
Comestibles
 c - 8 bread rations
 d - 4 beef jerkies
 i - 2 royal jellies
 p - 3 fruits
 u - 7 slices of pizza
 L - a chunk of flesh


   Skills:
 + Level 6.5 Fighting
   Level 3.7(7.2) Axes
 * Level 9.6(10.0) Maces & Flails
 + Level 0.4 Throwing
 + Level 7.1 Armour
 + Level 5.5 Dodging
 + Level 0.9 Stealth
 + Level 0.2 Evocations


You had 9 spell levels left.
You didn't know any spells.

Dungeon Overview and Level Annotations

Branches:
Dungeon (8/15)             Temple (1/1) D:6            Lair (1/8) D:8

Altars:
Ashenzari
Cheibriados
Dithmenos
Fedhas
Okawaru
Pakellas
Qazlal
Ru
Sif Muna
Xom
Yredelemnul
Zin

Shops:
D:6 :

Annotations:
Lair:1 pacci's ghost, journeyman NaBe


Message History

Pacci's ghost hits you but does no damage.
You hit pacci's ghost but do no damage.
Pacci's ghost is severely damaged.
You closely miss pacci's ghost.
Pacci's ghost is severely damaged.
Pacci's ghost hits you.
* * * LOW HITPOINT WARNING * * *
You hit pacci's ghost but do no damage.
Pacci's ghost is severely damaged.
Pacci's ghost wails, "You must not succeed where I failed!"
Pacci's ghost hits you but does no damage.
You completely miss pacci's ghost.
Pacci's ghost is severely damaged.
You hit pacci's ghost.
Pacci's ghost is severely damaged.
Pacci's ghost misses you.
Your plate armour prevents you from hitting pacci's ghost.
Pacci's ghost is severely damaged.
Pacci's ghost hits you!
You die...

#.#...#P≈≈.≈≈P≈#
#...#.#P♣≈.≈≈♣♣#
#......♣♣≈.P≈≈#
##.###....#.♣♣≈.P≈♣###
.............≈♣≈.≈≈≈≈P#
#..######...♣≈≈P.P≈≈≈##
#.#.♣≈≈≈.≈≈P≈≈# ##
#.#.≈P≈≈W≈≈≈≈##########P#
#...≈≈≈≈@≈≈P♣...≈.≈)....P
#.#.♣≈≈≈.≈≈♣...≈≈≈≈≈≈≈≈..
##.P.#≈≈≈.P♣#..≈≈≈≈≈≈≈≈≈..
#......P≈.≈##.≈≈≈≈≈≈≈≈≈≈..
##.#.......##..≈≈≈≈.≈≈≈≈..
#.#.##....#..≈≈≈≈.<≈≈≈≈≈.
#...#.#####..≈≈≈≈≈.≈≈≈≈..
##..(.## #..≈≈≈≈≈≈≈≈≈..
#....### #...≈≈≈≈≈≈≈..#


You could see pacci's ghost.

Vanquished Creatures
  A hydra (Lair:1)
  A wyvern (D:8)
  A yak (D:7)
  A human (D:7)
  A steam dragon (D:6)
  A hippogriff (D:7)
  2 orc warriors
  2 sky beasts (D:6)
  An ice beast (D:7)
  2 ogres
  A phantom (D:8)
  A centaur (D:5)
  2 giant frogs
  10 scorpions
  An electric eel (Lair:1)
  A quasit (D:5)
  4 centaur zombies (Ossuary)
  2 crimson imps (D:7)
  A human zombie (Ossuary)
  A jelly (D:7)
  3 hounds
  6 orc wizards
  3 iguanas
  4 worker ants
  3 sheep (D:7)
  3 big kobold zombies (Ossuary)
  A hound skeleton (D:3)
  3 mummies (Ossuary)
  2 worker ant zombies
  5 adders
  2 scorpion zombies (Ossuary)
  3 shadow imps (D:5)
  An ooze (D:2)
  An adder skeleton (D:7)
  A worm (D:2)
  2 dart slugs (D:5)
  5 giant geckos
  20 orcs
  2 giant cockroaches
  A gnoll zombie (Ossuary)
  9 goblins
  7 hobgoblins
  3 jackals (D:5)
  7 kobolds
  5 quokkas
  5 bats
  2 giant cockroach zombies
  2 giant newts
  2 hobgoblin zombies (Ossuary)
  3 orc zombies (Ossuary)
  6 rats
  2 plants (Lair:1)
161 creatures vanquished.

Vanquished Creatures (others)
  A goblin zombie (Ossuary)
  An orc zombie (Ossuary)
2 creatures vanquished.

Grand Total: 163 creatures vanquished

Notes
Turn   | Place    | Note
--------------------------------------------------------------
     0 | D:1      | JimmyB the Human Berserker began the quest for the Orb.
     0 | D:1      | Reached XP level 1. HP: 18/18 MP: 1/1
   412 | D:1      | Reached XP level 2. HP: 24/24 MP: 2/2
   741 | D:2      | Reached XP level 3. HP: 27/29 MP: 3/3
   995 | D:2      | Reached ** piety under Trog
  1410 | D:2      | Reached XP level 4. HP: 32/35 MP: 4/4
  2232 | D:3      | Reached *** piety under Trog
  2413 | D:3      | You fall through a shaft for 2 floors!
  2413 | D:5      | Entered Level 5 of the Dungeon
  2433 | D:5      | Reached XP level 5. HP: 27/42 MP: 5/5
  2752 | D:5      | Reached skill level 1 in Maces & Flails
  2752 | D:5      | Reached XP level 6. HP: 48/48 MP: 6/6
  3337 | D:5      | Reached skill level 2 in Maces & Flails
  3337 | D:5      | Reached XP level 7. HP: 42/54 MP: 7/7
  3428 | D:5      | Reached skill level 3 in Maces & Flails
  3866 | D:6      | Found Gadghil's Book Shop.
  3948 | D:6      | Found a staircase to the Ecumenical Temple.
  4017 | D:6      | Noticed a steam dragon
  4025 | D:6      | Killed a steam dragon
  4025 | D:6      | Reached skill level 4 in Maces & Flails
  4025 | D:6      | Reached XP level 8. HP: 61/61 MP: 8/8
  4455 | D:6      | Found a basalt altar of Yredelemnul.
  4805 | Temple   | Entered the Ecumenical Temple
  5016 | D:7      | Reached skill level 5 in Maces & Flails
  5240 | D:7      | Reached skill level 5 in Armour
  5284 | D:7      | Reached skill level 5 in Dodging
  5333 | D:7      | Found a sand-covered staircase.
  5337 | Ossuary  | Entered an ossuary
  5393 | Ossuary  | Reached skill level 5 in Fighting
  5565 | Ossuary  | Reached skill level 6 in Maces & Flails
  5565 | Ossuary  | Reached XP level 9. HP: 68/68 MP: 9/9
  6081 | Ossuary  | Reached skill level 7 in Maces & Flails
  6701 | D:7      | Reached skill level 8 in Maces & Flails
  7463 | D:8      | Found a shattered altar of Ashenzari.
  7500 | D:8      | Reached **** piety under Trog
  7508 | D:8      | Reached XP level 10. HP: 76/76 MP: 10/10
  7811 | D:8      | Reached skill level 9 in Maces & Flails
  7822 | D:8      | Found a staircase to the Lair.
  7832 | Lair:1   | Entered Level 1 of the Lair of Beasts
  7981 | Lair:1   | Noticed a four-headed hydra
  7986 | Lair:1   | Noticed pacci's ghost (journeyman NaBe)
  7998 | Lair:1   | Killed a four-headed hydra
  8046 | Lair:1   | Slain by pacci's ghost

Skill      XL: |  1  2  3  4  5  6  7  8  9 10 |
---------------+-------------------------------+-----
Dodging        | 3 4 5 |  5.5
Armour         | 3 4 5 6 7 |  7.1
Maces & Flails | 1 2 4 6 8 9 |  9.6
Fighting       | 4 5 6 |  6.5
Axes           | |  3.7
Throwing       | |  0.4
Stealth        | |  0.9
Evocations     | |  0.2

Action                   |  1- 3 |  4- 6 |  7- 9 | 10-12 || total
-------------------------+-------+-------+-------+-------++-------
Melee: Hand axe          |    98 |    52 |       |       ||   150
       Flail             |       |    99 |   378 |   112 ||   589
Throw: Stone             |       |       |     3 |     4 ||     7
Invok: Berserk           |     2 |     7 |    12 |     1 ||    22
       Trog's Hand       |       |     2 |     5 |     2 ||     9
       Burn Spellbooks   |       |     1 |     1 |       ||     2
Evoke: Wand              |       |     2 |       |       ||     2
  Use: Scroll            |     2 |     2 |     6 |     1 ||    11
       Potion            |       |     1 |       |     2 ||     3
  Eat: Chunk             |     4 |     9 |    14 |       ||    27
       Bread ration      |       |     1 |     1 |       ||     2
       Royal jelly       |       |       |     2 |       ||     2
       Beef jerky        |       |       |     1 |       ||     1
       Fruit             |       |       |     1 |       ||     1
       Meat ration       |       |       |       |     1 ||     1
Armor: Ring mail         |    26 |    66 |       |       ||    92
       Animal skin       |     4 |       |       |       ||     4
       Chain mail        |       |       |    10 |       ||    10
       Plate armour      |       |       |   204 |    54 ||   258
Dodge: Dodged            |    66 |   102 |   146 |    49 ||   363
